 Dungeon Crawl Stone Soup version 0.29.0-4-gdea44cf6ec (webtiles) character file.

Game seed: 9201562431888578488

45 qw the Chopper (level 3, -3/28 (29) HPs)
             Began as a Barachi Chaos Knight on Sept 4, 2022.
             Slain by a rust devil (6 damage)
             ... summoned by Xom
             ... on level 2 of the Dungeon.
             The game lasted 00:00:42 (1276 turns).

qw the Chopper (Barachi Chaos Knight)               Turns: 1276, Time: 00:00:42

HP:   -3/28 (29)    AC:  4    Str: 15    XL:     3   Next: 64%
MP:   3/3           EV: 10    Int: 12    God:
Gold: 109           SH:  0    Dex: 11    Spells: 2/2 levels left

rFire   . . .      SeeInvis .   Y - +1 hand axe (chaos)
rCold   . . .      Faith    .   (no shield)
rNeg    . . .      Spirit   .   d - +0 ring mail
rPois   .          Reflect  .   (no helmet)
rElec   .          Harm     .   (no cloak)
rCorr   .          Rampage  .   i - +2 pair of gloves
Will    .....                   (no boots)
Stlth   +.........              (no amulet)
HPRegen 0.09/turn               (no ring)
MPRegen 0.08/turn               (no ring)

@: corroded, slowed, lightly drained, very slow
A: amphibious, slowness 1, strong legs 1, +LOS
a: Hop


You were on level 2 of the Dungeon.
You visited 1 branch of the dungeon, and saw 2 of its levels.

You collected 109 gold pieces.


Innate Abilities, Weirdness & Mutations

You are amphibious.
You cover ground slowly.
You can hop short distances.
You have an extended range of vision and can be seen from far away.


   Skills:
 - Level 3.6 Fighting
 + Level 5.0 Axes
 - Level 2.4 Armour
 - Level 1.1 Dodging


You had 2 spell levels left.
You didn't know any spells.
Your spell library was empty.

Inventory:

Hand Weapons
 e - a +0 club
 Y - a +1 hand axe of chaos (weapon)
Missiles
 j - 5 boomerangs (quivered)
Armour
 d - a +0 ring mail (worn)
 i - a +2 pair of gloves (worn)
Jewellery
 k - a ring of wizardry
Scrolls
 a - a scroll of identify
 b - a scroll of immolation {unknown}
Potions
 f - a potion of degeneration {unknown}
 g - a potion of haste {unknown}
 h - a potion of curing
Miscellaneous
 c - a piece from Xom's chessboard (15/15)

Dungeon Overview and Level Annotations

Branches:
Dungeon (2/15)

Altars:


Message History

You barely miss the ufetubus. You hit the white imp but do no damage.
You closely miss the quasit.
You hit the rust devil but do no damage.
You hit the white imp but do no damage.
You hit the chaos spawn but do no damage.
You barely miss the chaos spawn.
The chaos spawn is lightly wounded.
You hit the ufetubus. You burn the ufetubus. You barely miss the white imp.
You hit the quasit.
The quasit seems to speed up.
You hit the rust devil. You closely miss the white imp.
You hit the chaos spawn. You burn the chaos spawn. The quasit bites you.
The quasit claws you but does no damage.
The quasit claws you.
The ufetubus hits you but does no damage. x2
The quasit closely misses you. The quasit barely misses you.
The quasit claws you but does no damage.
The chaos spawn hits you.
You feel drained. The rust devil hits you. The rust devil corrodes you!
The chaos spawn gores you. The chaos spawn freezes you!
Ouch! That really hurt!
The quasit closely misses you.
The quasit claws you but does no damage. x2
You hit the chaos spawn but do no damage.
The chaos spawn is poisoned.
The chaos spawn is lightly wounded.
You miss the quasit. You closely miss the quasit. You barely miss the quasit.
You hit the rust devil but do no damage.
The rust devil resists with almost no effort.
You closely miss the quasit.
You hit the chaos spawn but do no damage.
You hit the crimson imp but do no damage.
The crimson imp flickers and vanishes!
Deactivating autopickup; reactivate with Ctrl-A.
The quasit closely misses you. The quasit barely misses you.
The quasit claws you but does no damage.
The quasit barely misses you.
The quasit claws you but does no damage. x2
The rust devil hits you.
You die...

######### #.55....#
#55{5...#
##4@45...########
+.4455..........###
#####5.######.....##
######.######.#.....
#...##..........#
#....######....##
#.....##.......#
#.....##.....#.#
#........##### .#


You could see a hellwing (summoned), a rust devil (summoned), 2 chaos spawn, 4
quasits, a crimson imp (summoned), 3 white imps and an ufetubus (summoned).

Vanquished Creatures
  A worm (D:2)
  3 ball pythons
  2 bats (D:1)
  5 endoplasms
  2 giant cockroaches (D:1)
  8 goblins
  4 hobgoblins
  A quokka (D:1)
  2 frilled lizards (D:2)
  3 kobolds (D:1)
  6 rats
37 creatures vanquished.

Vanquished Creatures (collateral kills)
  A goblin (D:1)
1 creature vanquished.

Vanquished Creatures (others)
  A quokka zombie (D:1)
1 creature vanquished.

Grand Total: 39 creatures vanquished

Notes
Turn   | Place    | Note
-------+----------+-------------------------------------------
     0 | D:1      | qw the Barachi Chaos Knight began the quest for the Orb.
     0 | D:1      | Reached XP level 1. HP: 18/18 MP: 1/1
     0 | D:1      | 0 ||| qw: Version: 0.1-a-103-gd6f5d3a
     0 | D:1      | 0 ||| qw: Game counter: 5402
     0 | D:1      | 0 ||| qw: Always use a shield: true
     0 | D:1      | 0 ||| qw: God list: Okawaru
     0 | D:1      | 0 ||| qw: Allow faded altars: false
     0 | D:1      | 0 ||| qw: Do Orc after D:15 true
     0 | D:1      | 0 ||| qw: Do second Lair branch before Depths: true
     0 | D:1      | 0 ||| qw: Lair rune preference: random
     0 | D:1      | 0 ||| qw: Plans: Normal
     0 | D:1      | 0 ||| PLANNING D:1-11
     0 | D:1      | Fell from the grace of Xom
    83 | D:1      | Reached XP level 2. HP: 11/24 MP: 2/2
   245 | D:1      | 245 ||| Stepping ~*~*~tactically~*~*~ (stealth).
   247 | D:1      | 247 ||| Stepping ~*~*~tactically~*~*~ (stealth).
   248 | D:1      | 248 ||| Stepping ~*~*~tactically~*~*~ (stealth).
   259 | D:1      | Reached skill level 4 in Axes
   285 | D:1      | 285 ||| Stepping ~*~*~tactically~*~*~ (stealth).
   301 | D:1      | 301 ||| Stepping ~*~*~tactically~*~*~ (stealth).
   302 | D:1      | 302 ||| Stepping ~*~*~tactically~*~*~ (stealth).
   354 | D:1      | 354 ||| Stepping ~*~*~tactically~*~*~ (stealth).
   436 | D:1      | 436 ||| Stepping ~*~*~tactically~*~*~ (stealth).
   437 | D:1      | 437 ||| Stepping ~*~*~tactically~*~*~ (stealth).
   442 | D:1      | XOM: god gift: spear {god gift}
   520 | D:1      | 520 ||| Stepping ~*~*~tactically~*~*~ (stealth).
   557 | D:1      | 557 ||| Stepping ~*~*~tactically~*~*~ (stealth).
   558 | D:1      | 558 ||| Stepping ~*~*~tactically~*~*~ (stealth).
   560 | D:1      | 560 ||| Stepping ~*~*~tactically~*~*~ (stealth).
   572 | D:1      | 572 ||| Stepping ~*~*~tactically~*~*~ (stealth).
   579 | D:1      | Reached XP level 3. HP: 21/29 MP: 3/3
   693 | D:1      | 693 ||| Stepping ~*~*~tactically~*~*~ (stealth).
   974 | D:1      | 974 ||| UPGRADING to +0 ring mail.
   984 | D:1      | 984 ||| DROPPING +2 leather armour.
   985 | D:1      | 985 ||| UPGRADING to +2 pair of gloves.
   990 | D:1      | 990 ||| READING 2 scrolls labelled TECSU EHOSHIO.
   991 | D:1      | 991 ||| READING scroll labelled IZAKEU CELIXT.
   992 | D:1      | 992 ||| DRINKING 2 fizzy purple potions.
   993 | D:1      | 993 ||| DRINKING 2 amethyst potions.
   994 | D:1      | 994 ||| DROPPING potion of magic.
  1032 | D:2      | 1032 ||| Stepping ~*~*~tactically~*~*~ (stealth).
  1193 | D:2      | Reached skill level 5 in Axes
  1273 | D:2      | XOM: summons 14 hostile demons
  1274 | D:2      | Noticed a rust devil
  1274 | D:2      | Noticed a chaos spawn
  1274 | D:2      | Noticed a chaos spawn
  1274 | D:2      | Noticed a hellwing
  1275 | D:2      | HP: 3/28 [chaos spawn[Xom] (17)]
  1276 | D:2      | Slain by a rust devil

Levels and vault maps discovered:
D:1:      minmay_arrival_nine_rooms, layout_rooms
D:2:      layout_rooms, kennysheep_small_spiral, minmay_pentomino_q4

Skill      XL: |  1  2  3 |
---------------+----------+-----
Axes           | 4 5 |  5.0
Fighting       | |  3.6
Armour         | |  2.4
Dodging        | |  1.1

Action                   || total
-------------------------++-------
Melee: Hand axe          ||   102
Invok: Renounce Religion ||     1
  Use: Scroll            ||     2
       Potion            ||     2
Armor: Leather armour    ||    26
       Ring mail         ||    19
Dodge: Dodged            ||    45

Table legend:
 A = Non-vault XP
 B = Vault XP
 C = Vault XP percentage of total XP
 D = Non-vault monster count
 E = Vault monster count
 F = Vault count percentage of total count
                 A         B        C        D         E       F
            +---------+---------+-------+---------+---------+-------
      Total |      61 |       4 |   6.2 |      35 |       3 |   7.9
            +---------+---------+-------+---------+---------+-------
        D:1 |      48 |       0 |   0.0 |      29 |       0 |   0.0
        D:2 |      13 |       4 |  23.5 |       6 |       3 |  33.3
            +---------+---------+-------+---------+---------+-------
